 Dungeon Crawl Stone Soup version 0.30-a0-691-g754fce4c43 (webtiles) character file.

Game seed: 2030787373541072101

317 Darius099 the Ruffian (level 6, -5/62 HPs)
             Began as a Troll Berserker on Jan 20, 2023.
             Was a Priest of Trog.
             Slain by a gnoll
             ... wielding a +0 halberd of venom
              (9 damage)
             ... on level 4 of the Dungeon.
             The game lasted 00:01:57 (1891 turns).

Darius099 the Ruffian (Troll Berserker)             Turns: 1891, Time: 00:01:58

Health: -5/62      AC:  5    Str: 26    XL:     6   Next: 20%
Magic:  5/5        EV: 10    Int:  3    God:    Trog [***...]
Gold:   175        SH:  0    Dex: 11    Spells: 5/5 levels left

rFire   . . .      SeeInvis .      - Unarmed
rCold   . . .      Faith    .    (no shield)
rNeg    . . .      Spirit   .    m - +0 robe
rPois   .          Reflect  .    (helmet restricted)
rElec   .          Harm     .    l - +0 cloak
rCorr   .          Rampage  .    (gloves unavailable)
Will    .....                    (boots unavailable)
Stlth   +                        (no amulet)
HPRegen 1.10/turn                (no ring)
MPRegen 0.09/turn                (no ring)

@: lethally poisoned (-5 -> -23)
A: large, unfitting armour, claws 3, regeneration 1, shaggy fur 1, tough skin 1
a: Renounce Religion, Berserk, Trog's Hand


You were on level 4 of the Dungeon.
You worshipped Trog.
Trog was most pleased with you.
You visited 1 branch of the dungeon, and saw 4 of its levels.

You collected 175 gold pieces.

Inventory:

Armour
 l - a +0 cloak (worn)
 m - a +0 robe (worn)
Jewellery
 a - a +6 ring of strength
Wands
 g - a wand of paralysis (4)
Scrolls
 f - 2 scrolls of identify {unknown}
 h - 4 scrolls of teleportation {unknown}
 j - a scroll of immolation {unknown}
 n - a scroll of fear {unknown}
Potions
 b - a potion of resistance {unknown}
 c - a potion of lignification {unknown}
 d - a potion of haste {unknown}
 e - a potion of degeneration {unknown}
 i - 2 potions of brilliance {unknown}
 k - 3 potions of heal wounds {unknown}


   Skills:
 + Level 3.9 Fighting
 + Level 3.8 Dodging
 + Level 4.7 Unarmed Combat


You had 5 spell levels left.
You didn't know any spells.
Your spell library was empty.

Dungeon Overview and Level Annotations

Branches:
Dungeon (4/15)
 Temple: D:4-7

Altars:
Elyvilon

Shops:
D:4 *


Innate Abilities, Weirdness & Mutations

You are too large for most types of armour.
You have claws for hands.
Your natural rate of healing is unusually fast.
You are covered in fur. (AC +1)
You have tough skin. (AC +1)


Message History

Unknown command.
There are monsters nearby!
Unknown command.
There are monsters nearby!
Unknown command.
There are monsters nearby!
Unknown command.
Unknown command.
Unknown command.
Unknown command.
Unknown command.
Unknown command.
There are monsters nearby!
Unknown command.
There are monsters nearby!
Unknown command.
There are monsters nearby!
Unknown command.
There are monsters nearby!
Unknown command.
There are monsters nearby!
Unknown command.
Unknown command.
Unknown command.
Unknown command.
Unknown command.
You are too injured to fight recklessly!
You barely miss the gnoll.
You feel extremely sick. The gnoll completely misses you.
The gnoll hits you with a +0 halberd of venom!
* * * LOW HITPOINT WARNING * * *
You are more poisoned.
You closely miss the gnoll.
* * * LOW HITPOINT WARNING * * *
You feel extremely sick. The gnoll hits you with a +0 whip.
* * * LOW HITPOINT WARNING * * *
The gnoll hits you with a +0 halberd of venom!
You die...

...............#
#####...#####...
#...........
##...##.#####
#.......#
##.########....#..#
.."....#.##.......#
#).#.#....#..#
#@###........#.
#.gg..#........#.
#.#.#.#.##.....#
#?#.....# .#.#.# .
..#.#.. ...#.# ##
.........##. ###
####. .


You could see 2 gnolls.

Vanquished Creatures
  Crazy Yiuf (D:2)
  A hound (D:4)
  2 orc priests (D:3)
  Jessica (D:2)
  Terence (D:2)
  An orc wizard (D:3)
  3 adders
  2 gnolls (D:4)
  An ufetubus (D:4)
  3 worms
  2 dart slugs (D:2)
  6 orcs (D:3)
  5 ball pythons
  4 endoplasms
  A giant cockroach (D:2)
  5 goblins
  8 hobgoblins
  A quokka (D:3)
  6 bats
  3 frilled lizards
  3 kobolds
  A rat (D:3)
61 creatures vanquished.

Notes
Turn   | Place    | Note
-------+----------+-------------------------------------------
     0 | D:1      | Darius099 the Troll Berserker began the quest for the Orb.
     0 | D:1      | Reached XP level 1. HP: 22/22 MP: 0/0
    64 | D:1      | You fall into a shaft and drop 1 floor!
    95 | D:2      | Reached XP level 2. HP: 29/29 MP: 1/1
   110 | D:2      | Found a runed translucent door.
   111 | D:2      | Noticed Crazy Yiuf
   170 | D:2      | Noticed Terence
   178 | D:2      | Killed Terence
   179 | D:2      | Reached XP level 3. HP: 18/36 MP: 2/2
   376 | D:2      | Noticed Jessica
   383 | D:2      | Killed Jessica
   384 | D:2      | Reached XP level 4. HP: 45/45 MP: 3/3
   436 | D:2      | Reached ** piety under Trog
   639 | D:2      | Killed Crazy Yiuf
   640 | D:2      | Reached skill level 4 in Unarmed Combat
   818 | D:3      | Reached XP level 5. HP: 53/53 MP: 4/4
  1329 | D:3      | Found a white marble altar of Elyvilon.
  1742 | D:4      | Reached XP level 6. HP: 60/62 MP: 5/5
  1799 | D:4      | Found Tavyst's Assorted Antiques.
  1887 | D:4      | Reached *** piety under Trog
  1891 | D:4      | Slain by a gnoll

Illustrated notes

Levels and vault maps discovered:
D:1:      kennysheep_arrival_forest, layout_loops_cross,
          chequers_ecumenical_altar_simple_redux, minmay_ruptured
D:2:      layout_rooms, uniq_terence, uniq_jessica, uniq_crazy_yiuf_cottage
D:3:      layout_basic, mainiacjoe_overflow_alcove_1,
          minmay_large_rounded_square
D:4:      layout_loops_cross, nicolae_qazlal_scattered_showers, serial_shops,
          nicolae_inconvenience_store

Skill      XL: |  1  2  3  4 |
---------------+-------------+-----
Fighting       | 3 |  3.9
Dodging        | 3 |  3.8
Unarmed Combat | 4 |  4.7

Action                   |  1- 3 |  4- 6 || total
-------------------------+-------+-------++-------
Melee: Unarmed           |    37 |   125 ||   162
       Punch             |     1 |     2 ||     3
 Stab: Sleeping          |       |     2 ||     2
Armor: Animal skin       |     3 |    23 ||    26
       Robe              |       |    10 ||    10
Dodge: Dodged            |     8 |    49 ||    57

Table legend: (Time is in decaauts)
 A = Elapsed time spent in this place.
 B = Non-inter-level travel time spent in this place.
 C = Inter-level travel time spent in this place.
 D = Time resting spent in this place.
 E = Time spent auto-exploring this place.
 F = Levels seen in this place.
 G = Mean time per level.
                   A        B        C        D        E       F      G
               +--------+--------+--------+--------+--------+-----+--------+
         Total |   1894 |   1821 |     73 |     55 |   1355 |   4 |  473.5 |
       Dungeon |   1894 |   1821 |     73 |     55 |   1355 |   4 |  473.5 |
               +--------+--------+--------+--------+--------+-----+--------+

Top non-repeatable levels by time:
     D:3: 900 daAuts
     D:2: 664 daAuts
     D:4: 265 daAuts
     D:1: 63 daAuts
